Map: Para-cité EC

Players

zidar - Winner!

  • Race: Zerg Zerg
  • League: Silver
  • Spawn Location: 5:00

BlueT

  • Race: Terran Terran
  • League: Gold
  • Spawn Location: 11:00

VOD

Have the link to the VOD?

Description

Time

  • Played on: Dec. 28, 2018, 3:15 p.m.
  • Length: 19:22
Show
View Real Time Build Order
Export as new Build Order

zidar Zerg - Winner!

Build Orders: Hatch First 

Get SALT Encoding   

  12  0:01  Drone  
  13  0:12  Overlord  
  13  0:16  Drone  
  14  0:31  Drone x2  
  16  0:38  Drone  
  17  0:56  Hatchery  
  16  0:57  Drone  
  17  1:05  Drone  
  18  1:21  Spawning Pool  
  17  1:27  Extractor  
  17  1:29  Drone  
  17  1:30  Overlord  
  17  1:32  Drone  
  18  2:10  Drone  
  19  2:27  Zergling x10  
  19  2:28  Hatchery  
  23  2:31  Queen  
  25  2:41  Queen  
  27  2:53  Metabolic Boost  
  27  2:57  Drone x2  
  29  3:18  Drone x6  
  35  3:44  Drone x7  
  42  3:52  Lair  
  42  4:01  Extractor  
  41  4:08  Extractor  
  41  4:09  Extractor  
  39  4:14  Drone  
  39  4:15  Drone x2  
  42  4:19  Overlord x4  
  42  4:20  Overlord  
  42  4:37  Queen  
  44  4:51  Baneling Nest  
  43  4:57  Zergling x2  
  43  4:58  Zergling x10  
  46  5:27  Zergling x20  
  46  5:28  Zergling x4  
  56  5:43  Drone  
  56  5:44  Baneling x7  
  56  5:48  Centrifical Hooks  
  57  5:59  Queen  
  57  6:19  Drone x3  
  60  6:32  Evolution Chamber  
  60  6:34  Evolution Chamber  
  45  6:59  Zergling x36  
  45  7:00  Zergling x4  
  62  7:25  Zerg Melee Weapons Level 1  
  62  7:27  Zerg Missile Weapons Level 1  
  62  7:37  Spire  
  62  7:42  Drone, Infestation Pit  
  62  7:43  Drone x3  
  64  7:51  Drone x10  
  72  7:55  Baneling x5  
  74  7:59  Baneling  
  74  8:01  Baneling  
  74  8:30  Hive  
  74  8:47  Overlord x3  
  74  8:48  Overlord  
  75  9:10  Zergling x22  
  75  9:11  Zergling x10  
  90  9:19  Zerg Ground Armor Level 1  
  90  9:52  Baneling  
  90  9:53  Baneling x11  
  90  9:58  Hatchery  
  89  10:03  Zerg Flyer Weapons Level 1  
  89  10:05  Zerg Melee Weapons Level 2  
  89  10:27  Pneumatized Carapace  
  87  11:09  Ultralisk Cavern  
  86  11:14  Zerg Ground Armor Level 2  
  86  11:25  Mutalisk x5  
  88  11:29  Baneling x3  
  96  11:38  Extractor  
  95  11:40  Extractor  
  95  11:41  Drone  
  95  11:42  Drone x8  
  95  11:43  Drone  
  95  11:44  Drone x3  
  95  11:45  Drone x2  
  109  11:54  Overlord x3  
  109  11:55  Overlord  
  111  12:04  Adrenal Glands  
  111  12:08  Chitinous Plating  
  109  12:18  Ultralisk  
  115  12:42  Corruptor x3  
  115  12:43  Corruptor x2  
  96  13:26  Ultralisk x2  
  96  13:27  Ultralisk  
  99  13:28  Zergling x2  
  99  13:29  Zergling x40  
  114  13:44  Ultralisk  
  114  13:45  Ultralisk  
  126  13:57  Baneling  
  126  13:59  Baneling  
  126  14:01  Baneling  
  126  14:04  Baneling x9  
  101  14:35  Corruptor x4  
  101  14:36  Corruptor  
  105  14:57  Corruptor x2  
  105  14:58  Corruptor  
  107  15:07  Spore Crawler  
  107  15:10  Spore Crawler  
  107  15:11  Spore Crawler  
  107  15:12  Spore Crawler  
  62  15:51  Corruptor x4  
  62  15:52  Corruptor x2  
  68  16:19  Hatchery  
  60  16:34  Zergling x2  
  60  16:35  Ultralisk x2  
  70  16:41  Zergling x2  
  70  16:42  Zergling x10  
  53  17:17  Ultralisk x2  
  63  17:30  Ultralisk  
  69  17:42  Drone x9  
  78  18:00  Ultralisk  
  84  18:08  Extractor  
  84  18:11  Extractor  
  82  18:15  Zergling x2  
  82  18:16  Zergling x8  
Show
View Real Time Build Order
Export as new Build Order

BlueT Terran 

Build Orders:  

Get SALT Encoding   

  12  0:02  SCV  
  13  0:16  Supply Depot  
  13  0:18  SCV  
  14  0:30  SCV  
  14  0:34  Refinery  
  15  0:43  Barracks  
  15  0:54  Supply Depot  
  15  1:00  Refinery, SCV  
  16  1:13  SCV  
  17  1:25  SCV  
  18  1:32  Marine  
  18  1:37  SCV  
  20  1:49  SCV  
  20  1:50  Marine  
  22  1:57  Factory  
  22  2:01  SCV  
  23  2:04  Supply Depot  
  23  2:08  Marine  
  23  2:13  SCV  
  25  2:19  Barracks  
  25  2:25  SCV  
  25  2:27  Reaper  
  27  2:37  SCV  
  27  2:40  Barracks  
  28  2:48  Factory Tech Lab  
  28  2:59  Marine  
  28  3:00  Orbital Command  
  29  3:11  Barracks Tech Lab  
  29  3:29  Command Center  
  29  3:31  SCV  
  29  3:39  Barracks Reactor  
  29  3:42  Stimpack  
  29  3:55  Barracks Reactor  
  29  3:59  Supply Depot  
  29  4:00  Hellion  
  31  4:08  Infernal Pre-Igniter  
  31  4:13  SCV  
  32  4:21  Hellion  
  32  4:22  Supply Depot x2  
  34  4:25  SCV  
  34  4:27  Marine  
  34  4:28  Marine  
  37  4:38  Marine x2  
  39  4:44  Supply Depot  
  39  4:45  Marine  
  40  5:11  Marine x5  
  41  5:29  Marine x5  
  46  5:40  Siege Tank  
  49  5:42  Combat Shield  
  49  5:46  Marine  
  49  5:47  Marine x2  
  49  5:48  Marauder  
  49  5:49  SCV x2  
  56  6:01  SCV x2  
  58  6:05  Marine x4  
  58  6:09  Marauder  
  58  6:22  Marine  
  59  6:31  Supply Depot  
  59  6:32  Supply Depot  
  59  6:33  Refinery  
  59  6:38  Hellion  
  61  6:42  Marine x2  
  59  6:57  Refinery  
  59  6:59  Siege Tank  
  58  7:04  Marine x4, Marauder  
  64  7:16  Engineering Bay  
  64  7:19  Engineering Bay  
  64  7:24  SCV  
  64  7:26  SCV  
  66  7:31  Siege Tank  
  66  7:32  Marauder  
  66  7:36  Marine, SCV  
  73  7:39  SCV  
  74  7:48  SCV  
  74  7:51  SCV  
  76  7:54  Marauder  
  76  7:55  Starport  
  76  7:57  Starport  
  78  8:00  SCV  
  78  8:03  SCV  
  80  8:12  SCV  
  80  8:15  Marine x3, SCV  
  80  8:16  Marine x2  
  87  8:22  Concussive Shells  
  87  8:26  Terran Infantry Armor Level 1, Terran Infantry Weapons Level 1  
  87  8:33  Marine x5  
  92  8:41  Medivac x2  
  96  8:51  Marine x5  
  96  8:54  Fusion Core  
  101  9:08  Marine  
  102  9:23  Supply Depot  
  102  9:24  Supply Depot  
  102  9:25  Supply Depot, Starport Tech Lab  
  102  9:26  Supply Depot, Starport Tech Lab  
  102  9:44  Marine x2, SCV x2, Siege Tank  
  102  9:45  Marine  
  109  9:46  Marine  
  109  9:49  Battlecruiser  
  117  9:56  SCV x2  
  119  10:03  Marine, Command Center  
  119  10:04  Marine x3  
  123  10:16  Siege Tank  
  123  10:20  Neosteel Armor, Hi-Sec Auto Tracking  
  126  10:22  Battlecruiser  
  132  10:34  Cloaking Field  
  132  10:40  Rapid Reignition System  
  132  10:43  Marine  
  132  10:44  Marine  
  134  11:04  Armory  
  134  11:14  Marine x5, Weapon Refit  
  139  11:23  Supply Depot  
  139  11:26  Supply Depot  
  139  11:28  Supply Depot  
  139  11:30  Supply Depot  
  139  11:31  Battlecruiser  
  139  11:32  Marine x4  
  149  11:44  Marine  
  150  11:50  Marine  
  151  11:57  SCV  
  151  12:01  SCV x2  
  154  12:09  SCV  
  154  12:13  SCV x2  
  157  12:30  Refinery  
  157  12:33  SCV  
  157  12:34  SCV  
  157  12:35  Refinery, SCV  
  157  12:37  Marine x5  
  160  12:40  Battlecruiser x2  
  177  12:45  SCV  
  177  12:47  SCV x2  
  180  12:54  Marine  
  181  13:10  Marine  
  181  13:11  Marine  
  181  13:12  Marine x3, Supply Depot  
  179  13:13  Supply Depot  
  134  13:29  Marine  
  134  13:33  SCV  
  134  13:34  SCV x2  
  138  13:37  Supply Depot  
  129  13:45  Battlecruiser x2  
  129  13:46  SCV x3  
  144  13:51  Marine x4  
  144  13:52  Marine  
  149  14:08  Marine  
  149  14:09  Marine x3  
  115  14:48  Marine  
  115  14:49  Marine x4  
  109  15:02  Thor  
  109  15:05  Battlecruiser  
  109  15:06  Marine  
  109  15:07  Marine x4  
  113  15:24  Marine x3  
  113  15:25  Marine x2  
  95  15:42  Marine x5  
  85  15:45  Thor  
  94  15:55  SCV x2  
  93  16:00  Marine x5  
  98  16:07  SCV x2  
  100  16:17  Marine  
  100  16:18  Marine  
  101  16:19  SCV  
  101  16:20  SCV  
  104  16:31  SCV  
  104  16:32  SCV  
  88  16:37  Marine x5  
  87  16:43  SCV  
  87  16:44  SCV  
  89  16:54  Marine  
  89  16:55  Marine x4, SCV  
  89  16:56  SCV  
  90  17:07  SCV  
  90  17:08  SCV  
  80  17:12  Marine  
  80  17:13  Marine  
  64  17:52  Command Center  
  64  18:11  Marine  
  64  18:12  Marine x3  
Tags
 
Matchup
TvZ
Spawn Locations
Cross Positions
Add a new tag
Caveats
  • Supply blocks, unpowered buildings, or Contaminate may cause inaccurate times.
  • Supply counts are checked every 10 seconds.